 Dungeon Crawl Stone Soup version 0.24.0-13-gcf9b3192b9 (webtiles) character file.

Game seed: 10405827207506569648, levelgen mode: deterministic

1004 Lanoc the Vandal (level 8, -9/54 HPs)
             Began as a Halfling Fighter on Nov 9, 2019.
             Killed from afar by Ijyb (15 damage)
             ... with an iceblast
             ... on level 5 of the Dungeon.
             The game lasted 00:18:12 (5625 turns).

Lanoc the Vandal (Halfling Fighter)                 Turns: 5625, Time: 00:18:13

Health: -9/54      AC:  8    Str: 17    XL:     8   Next: 43%
Magic:  0/8        EV: 11    Int:  6    God:
Gold:   333        SH: 11    Dex: 16    Spells: 7/7 levels left

rFire    . . .     SeeInvis .   h - +0 hunting sling
rCold    . . .     Gourm    .   c - +0 shield
rNeg     . . .     Faith    .   b - +0 scale mail
rPois    .         Spirit   +   (no helmet)
rElec    .         Reflect  .   A - +0 cloak
rCorr    .         Harm     .   (no gloves)
MR       .....                  (no boots)
Stlth    ..........             g - amulet of guardian spirit
HPRegen  0.18/turn              n - ring of wizardry
MPRegen  0.11/turn              (no ring)

@: no status effects
A: small, mutation resistance 1
a: no special abilities


You were on level 5 of the Dungeon.
You were hungry.

You visited 1 branch of the dungeon, and saw 5 of its levels.
You also visited: Sewer.

You collected 333 gold pieces.

Inventory:

Hand Weapons
 a - a +0 long sword
 h - a +0 hunting sling (weapon)
 t - a +0 dagger of electrocution
Missiles
 m - 33 sling bullets
 s - 77 stones (quivered)
Armour
 b - a +0 scale mail (worn)
 c - a +0 shield (worn)
 l - a +1 plate armour
 A - a +0 cloak (worn)
Jewellery
 g - an amulet of guardian spirit (around neck)
 n - a ring of wizardry (left hand)
 p - an uncursed amulet of faith
Scrolls
 d - 3 scrolls of enchant weapon {unknown}
 j - 2 scrolls of teleportation
 v - 6 scrolls of remove curse {unknown}
 w - a scroll of immolation
 x - 2 scrolls of blinking {unknown}
 B - 5 scrolls of noise {unknown}
Potions
 e - a potion of cancellation
 i - 4 potions of flight
 k - 6 potions of heal wounds {unknown}
 o - 5 potions of curing {unknown}
 q - 2 potions of mutation
 r - 2 potions of ambrosia
 u - a potion of brilliance {unknown}
 z - 2 potions of might
Comestibles
 f - 7 rations


   Skills:
 + Level 4.1 Fighting
 - Level 2.0 Long Blades
 * Level 6.8 Slings
 + Level 5.1 Armour
 + Level 3.3 Dodging
 * Level 6.3 Shields


You had 7 spell levels left.
You didn't know any spells.
Your spell library contained the following spells:

 Spells                   Type           Power        Failure   Level  Hunger
 Confusing Touch          Hex            #.....       91%         1    ##.....
 Magic Dart               Conj           #...         91%         1    ##.....
 Blink                    Tloc           N/A          97%         2    ###....
 Call Imp                 Summ           #.......     97%         2    ###....
 Slow                     Hex            #.......     97%         2    ###....
 Confuse                  Hex            #.......     99%         3    ####...
 Conjure Flame            Conj/Fire      #.......     99%         3    ####...
 Gell's Gravitas          Tloc           #.........   99%         3    ####...
 Mephitic Cloud           Conj/Pois/Air  #.......     99%         3    ####...
 Petrify                  Tmut/Erth      #.......     100%        4    #####..
 Metabolic Englaciation   Hex/Ice        #.........   100%        5    ######.
 Yara's Violent Unravell  Hex/Tmut       #.........   100%        5    ######.


Dungeon Overview and Level Annotations

Branches:
Dungeon (5/15)              Sewer (visited)
 Temple: D:4-7

Altars:
Gozag
Qazlal
Sif Muna

Annotations:
D:5 Ijyb


Innate Abilities, Weirdness & Mutations

You are small and have problems with some larger weapons.
You are somewhat resistant to further mutation.


Message History

An iceblast appears from out of thin air!
The mass of ice explodes!
The iceblast engulfs you!
Firing (i - inventory. (/) - cycle)
s - 78 stones (quivered)
Press: ? - help, Shift-Dir - straight line You shoot a stone.
You hear a zap.
An iceblast appears from out of thin air!
The mass of ice explodes!
The iceblast engulfs you!
You hear a zap.
An iceblast appears from out of thin air!
The mass of ice explodes!
The iceblast engulfs you!
* * * LOW HITPOINT WARNING * * *
You hear a zap.
An iceblast appears from out of thin air!
The mass of ice explodes!
The iceblast engulfs you!
* * * LOW HITPOINT WARNING * * *
You hear a zap.
An iceblast appears from out of thin air!
The mass of ice explodes!
The iceblast engulfs you!
You die...

##.....##.# #........
#.[##.....# +.....[..
#[###.###.# #.^......
#.# #.# #.##.##[8.8.8. #
#.# #.# #[..(###.#...#
#. #.# #.##....##
##..... #.#####.#
#.##.##..# ##...#
##.......###.##.###...
##+##
#........)..@...........
#......####..#.######..#
#.###.###....#.# #.. #
#..#..##...# ..
##...###.###
......#......#
......#.###).#
......#.####.###
#######.##.....#


There were no monsters in sight!

Vanquished Creatures
  Edmund (D:4)
  A crimson imp (D:5)
  A hound (D:4)
  3 orc priests (D:5)
  A centaur skeleton (D:4)
  A jelly (D:5)
  A bullfrog skeleton (D:4)
  An iguana (D:5)
  A merfolk siren (Sewer)
  6 orc wizards
  3 worker ants (D:4)
  A merfolk avatar (Sewer)
  Robin (D:3)
  8 adders
  A river rat (Sewer)
  A shadow imp (D:5)
  4 oozes
  2 worms (D:4)
  5 dart slugs
  6 leopard geckos
  15 orcs
  9 ball pythons
  13 bats
  5 giant cockroaches
  14 goblins
  22 hobgoblins
  6 jackals
  9 kobolds
  4 quokkas
  14 frilled lizards
  A quokka skeleton (D:4)
  39 rats
200 creatures vanquished.

Vanquished Creatures (others)
  An orc wizard (D:5)
1 creature vanquished.

Grand Total: 201 creatures vanquished

Notes
Turn   | Place    | Note
-------+----------+-------------------------------------------
     0 | D:1      | Lanoc the Halfling Fighter began the quest for the Orb.
     0 | D:1      | Reached XP level 1. HP: 15/15 MP: 1/1
    28 | D:1      | Reached XP level 2. HP: 20/20 MP: 2/2
    67 | D:1      | Reached skill level 1 in Slings
    86 | D:1      | Reached XP level 3. HP: 15/25 MP: 3/3
   399 | D:1      | Reached skill level 1 in Dodging
   400 | D:1      | Reached XP level 4. HP: 23/31 MP: 4/4
   820 | D:2      | Found a shimmering blue altar of Sif Muna.
   820 | D:2      | Found an opulent altar of Gozag.
   821 | D:2      | Found a stormy altar of Qazlal.
  1203 | D:2      | Reached XP level 5. HP: 31/36 MP: 5/5
  1926 | D:3      | Noticed Robin
  1958 | D:3      | Found a glowing drain.
  1970 | Sewer    | Entered a sewer
  2249 | Sewer    | Reached XP level 6. HP: 21/42 MP: 6/6
  2771 | D:3      | Killed Robin
  2999 | D:3      | Reached XP level 7. HP: 46/46 MP: 7/7
  3125 | D:3      | Reached skill level 5 in Shields
  3399 | D:4      | Got a distressingly furry robe
  3410 | D:4      | Identified the +0 robe "Nuinu Zamp" {rN+ MP+9 Dex-3 SInv}
                  | (You found it on level 4 of the Dungeon)
  3431 | D:4      | Reached skill level 5 in Slings
  3595 | D:4      | Noticed Edmund
  3626 | D:4      | Killed Edmund
  4343 | D:5      | Entered Level 5 of the Dungeon
  4376 | D:5      | Reached XP level 8. HP: 54/54 MP: 8/8
  4559 | D:5      | Reached skill level 5 in Armour
  5604 | D:5      | Noticed Ijyb
  5625 | D:5      | Killed from afar by Ijyb

Levels and vault maps discovered:
D:1:      dpeg_arrival_shelter, layout_rooms, minmay_three_crescents
D:2:      wad_crossroads, layout_basic, gammafunk_temple_overflow_forgotten
D:3:      layout_basic, cheibrodos_sewer_entry_sluice, first_ration, hex_tiny,
          uniq_robin
D:4:      layout_basic, uniq_edmund
D:5:      layout_rooms, dk_noncrumbling_3, uniq_ijyb

Skill      XL: |  1  2  3  4  5  6  7  8 |
---------------+-------------------------+-----
Slings         | 1 2 3 4 6 |  6.8
Fighting       | 3 4 |  4.1
Dodging        | 1 2 3 |  3.3
Shields        | 4 5 6 |  6.3
Armour         | 4 5 |  5.1
Long Blades    | |  2.0

Action                   |  1- 3 |  4- 6 |  7- 9 || total
-------------------------+-------+-------+-------++-------
Melee: Long sword        |    81 |    87 |       ||   168
       Dagger            |       |   260 |       ||   260
       Hunting sling     |       |       |     1 ||     1
 Fire: Hunting sling     |       |    75 |   341 ||   416
  Use: Scroll            |       |     7 |       ||     7
       Potion            |       |     2 |       ||     2
  Eat: Chunk             |       |     8 |     7 ||    15
Armor: Scale mail        |    34 |   162 |    40 ||   236
Dodge: Dodged            |    43 |   198 |    49 ||   290
Block: Shield            |    58 |   286 |    68 ||   412
       Rpst.: Long sword |    15 |    14 |       ||    29
